Map: Ruins of Seras

Players

PartinG - Winner!

  • Race: Protoss Protoss
  • League: Platinum

TYTY (TY)

  • Race: Terran Terran
  • League: Diamond

Event: DreamHack ROCCAT LotV Championship

VOD

https://www.youtube.com/watch?v=3qzSlRmTCDY&feature=youtu.be&t=1h20m44s

Description

Time

  • Played on: Nov. 28, 2015, 8:17 a.m.
  • Length: 10:09

All games in this series

Show
View Real Time Build Order
Export as new Build Order

PartinG Protoss - Winner!

Build Orders: Nexus First, Blink Stalkers 

Get SALT Encoding   

  12  0:00  Probe (Chrono Boost)  
  13  0:11  Probe (Chrono Boost)  
  14  0:17  Pylon  
  14  0:22  Probe (Chrono Boost)  
  16  0:35  Probe (Chrono Boost)  
  16  0:46  Probe (Chrono Boost)  
  17  0:59  Nexus  
  17  1:09  Gateway  
  17  1:14  Assimilator  
  17  1:18  Probe (Chrono Boost)  
  18  1:22  Assimilator  
  18  1:28  Probe (Chrono Boost)  
  19  1:39  Probe (Chrono Boost)  
  20  1:49  Probe (Chrono Boost)  
  21  1:55  Pylon  
  21  1:56  Cybernetics Core  
  21  2:00  Probe (Chrono Boost)  
  22  2:10  Probe (Chrono Boost)  
  22  2:13  Probe (Chrono Boost)  
  23  2:21  Probe (Chrono Boost)  
  24  2:23  Probe (Chrono Boost)  
  25  2:32  Mothership Core (Chrono Boost), Adept (Chrono Boost), Warp Gate  
  25  2:35  Probe  
  30  2:45  Robotics Facility  
  30  2:48  Probe (Chrono Boost)  
  31  2:51  Probe (Chrono Boost)  
  31  2:57  Pylon  
  32  3:01  Probe (Chrono Boost)  
  32  3:03  Probe (Chrono Boost)  
  34  3:12  Probe (Chrono Boost)  
  35  3:14  Probe (Chrono Boost)  
  35  3:15  Twilight Council  
  36  3:22  Probe (Chrono Boost)  
  36  3:24  Probe (Chrono Boost)  
  38  3:27  Gateway  
  38  3:32  Gateway  
  39  3:38  Blink  
  39  3:40  Warp Prism (Chrono Boost)  
  40  3:43  Probe (Chrono Boost)  
  40  3:44  Probe (Chrono Boost)  
  42  3:53  Probe (Chrono Boost)  
  42  3:55  Probe (Chrono Boost)  
  44  4:02  Pylon  
  44  4:05  Pylon  
  44  4:06  Probe x2 (Chrono Boost)  
  44  4:08  Assimilator  
  46  4:11  Assimilator  
  46  4:16  Observer (Chrono Boost)  
  48  4:17  Probe x2  
  48  4:20  Pylon  
  49  4:27  Pylon  
  49  4:32  Probe  
  49  4:33  Probe  
  49  4:38  Gateway x2, Observer (Chrono Boost)  
  52  4:45  Probe x2  
  54  4:49  Adept x2  
  54  4:50  Adept  
  60  5:01  Gateway  
  60  5:02  Gateway  
  60  5:11  Stalker  
  60  5:12  Stalker  
  64  5:14  Stalker  
  66  5:41  Stalker x3  
  68  5:43  Warp Prism (Chrono Boost)  
  68  5:46  Stalker x2  
  70  5:59  Stalker x2  
  74  6:05  Stalker x3  
  80  6:20  Stalker x2  
  80  6:25  Robotics Bay  
  84  6:33  Nexus  
  84  6:34  Forge  
  84  6:36  Observer (Chrono Boost)  
  85  6:53  Pylon  
  85  6:55  Pylon x2  
  83  7:12  Probe x2  
  83  7:13  Protoss Ground Armor Level 1 (Chrono Boost)  
  83  7:21  Adept x5  
  83  7:22  Stalker x2  
  97  7:28  Probe, Disruptor  
  93  7:35  Probe  
  97  7:37  Gravitic Drive  
  97  7:41  Probe  
  94  7:54  Probe  
  94  7:55  Probe  
  96  7:58  Adept x5  
  96  7:59  Adept x2, Disruptor  
  105  8:15  Probe x2  
  99  8:30  Adept x2, Disruptor  
  99  8:31  Adept x5  
  94  8:41  Probe  
  94  8:44  Probe  
  94  8:46  Probe  
  97  8:53  Probe  
  98  8:57  Probe  
  98  8:59  Probe  
  98  9:01  Assimilator  
  98  9:02  Assimilator  
  100  9:09  Stalker x7  
  96  9:33  Disruptor  
  96  9:34  Stalker x7  
  103  9:57  Stalker x7  
Show
View Real Time Build Order
Export as new Build Order

TYTY Terran 

Build Orders: Reaper Expand, MMM Bio 

Get SALT Encoding   

  12  0:01  SCV  
  13  0:13  SCV  
  14  0:18  Supply Depot  
  14  0:25  SCV  
  15  0:40  SCV  
  15  0:41  Barracks  
  16  0:45  Refinery  
  16  0:52  SCV  
  18  1:04  SCV  
  18  1:16  SCV  
  19  1:28  Reaper, Orbital Command  
  20  1:42  Command Center  
  20  1:50  Supply Depot  
  20  1:54  SCV  
  21  2:00  Barracks Reactor  
  21  2:06  SCV  
  22  2:18  SCV  
  22  2:22  Factory  
  23  2:30  SCV  
  23  2:36  Marine x2  
  26  2:45  Command Center  
  26  2:46  SCV  
  27  2:53  Marine x2  
  29  3:00  Orbital Command  
  29  3:01  SCV  
  30  3:06  Factory Tech Lab  
  30  3:12  Bunker, Marine  
  31  3:15  SCV  
  32  3:25  SCV  
  36  3:27  Cyclone  
  36  3:29  SCV  
  36  3:34  Marine  
  37  3:35  Marine  
  37  3:37  SCV  
  37  3:40  Refinery  
  40  3:42  SCV  
  41  3:49  SCV  
  41  3:52  Marine x2  
  41  3:54  SCV  
  45  3:57  Orbital Command  
  45  4:01  SCV  
  46  4:06  SCV  
  46  4:08  Supply Depot  
  46  4:09  Siege Tank, Marine  
  50  4:10  Marine  
  50  4:14  SCV  
  50  4:15  Barracks  
  53  4:19  SCV  
  55  4:24  SCV  
  55  4:26  SCV  
  55  4:27  Marine  
  55  4:29  Marine  
  55  4:31  SCV  
  59  4:35  Supply Depot  
  59  4:36  SCV  
  60  4:38  SCV  
  60  4:40  Supply Depot  
  60  4:43  Barracks  
  60  4:44  SCV  
  60  4:45  Marine  
  62  4:48  SCV, Marine  
  62  4:50  Factory Tech Lab, SCV  
  66  4:56  SCV  
  66  4:59  Engineering Bay  
  67  5:00  SCV, Engineering Bay  
  67  5:03  SCV  
  67  5:04  Marine  
  67  5:06  Marine  
  71  5:07  Refinery  
  71  5:08  Refinery  
  71  5:09  SCV  
  71  5:10  Orbital Command  
  71  5:11  Stimpack, Marine  
  73  5:18  SCV  
  74  5:22  Marine  
  74  5:25  SCV  
  73  5:29  Terran Infantry Weapons Level 1, Terran Infantry Armor Level 1  
  73  5:31  SCV  
  73  5:33  Marine x2  
  74  5:36  SCV  
  74  5:38  SCV  
  75  5:43  SCV, Marine  
  75  5:44  Marine  
  75  5:46  Factory Reactor  
  75  5:47  Starport  
  75  5:48  SCV  
  79  5:50  SCV  
  79  5:51  Marine  
  79  5:55  SCV, Supply Depot  
  82  6:00  SCV  
  82  6:01  Supply Depot x2  
  82  6:04  SCV  
  84  6:07  SCV  
  84  6:10  Marine  
  85  6:16  SCV, Marine  
  85  6:17  Marauder  
  87  6:19  SCV  
  87  6:29  Barracks  
  87  6:30  Marine, Barracks, Marauder  
  87  6:32  Medivac x2  
  91  6:33  Marine  
  91  6:35  Bunker  
  91  6:38  Marauder  
  93  7:02  Orbital Command  
  88  7:24  Supply Depot x2  
  88  7:26  Combat Shields  
  88  7:28  Medivac x2, Marine  
  93  7:37  Marine x4, Widow Mine  
  93  7:38  Marauder  
  99  7:47  Orbital Command  
  99  7:50  SCV x2  
  96  7:53  Marine  
  96  7:55  Marine x2  
  94  7:59  Marauder  
  94  8:02  SCV x2  
  94  8:04  Medivac x2  
  98  8:08  Marine x2  
  92  8:14  SCV x2  
  82  8:21  Marauder  
  82  8:22  SCV  
  82  8:26  SCV, Marine x2  
  83  8:31  SCV  
  81  8:34  SCV  
  70  8:41  SCV  
  70  8:42  Marauder  
  70  8:43  SCV  
  70  8:44  Marine x4  
  70  8:45  Marine  
  77  8:50  SCV  
  77  8:53  SCV  
  77  8:55  SCV  
  76  8:57  Missile Turret  
  76  9:02  SCV, Marine x4  
  81  9:03  Marauder, Marine  
  81  9:05  SCV  
  81  9:07  SCV  
  86  9:10  Concussive Shells  
  86  9:11  Armory  
  86  9:14  SCV  
  84  9:17  SCV  
  84  9:19  Marine  
  84  9:20  Marine x3  
  84  9:21  Medivac  
  86  9:25  SCV  
  86  9:26  SCV  
  86  9:29  Marauder  
  86  9:30  Marine  
  86  9:33  SCV  
  86  9:37  SCV, Marine x3  
  86  9:38  SCV, Marine  
  89  9:44  Refinery  
  89  9:45  Refinery  
  91  9:46  Missile Turret  
  91  9:47  SCV  
  91  9:48  Marine  
  91  9:49  SCV  
  82  9:55  SCV  

Tags
 
Add a new tag
Caveats
  • Supply blocks, unpowered buildings, or Contaminate may cause inaccurate times.
  • Supply counts are checked every 10 seconds.